 Dungeon Crawl Stone Soup version 0.20-a0-640-g62ed22f (webtiles) character file.

186 Elitist the Grave Robber (level 5, -1/41 HPs)
             Began as a Demigod Wanderer on Feb 12, 2017.
             Slain by Natasha (6 damage)
             ... on level 3 of the Dungeon.
             The game lasted 00:08:22 (3725 turns).

Elitist the Grave Robber (Demigod Wanderer)         Turns: 3725, Time: 00:08:23

Health: -1/41      AC:  3    Str: 15    XL:     5   Next: 15%
Magic:  2/12       EV: 11    Int: 18    God:
Gold:   103        SH:  0    Dex: 15    Spells: 1/9 levels left

rFire    . . .     SeeInvis .   u - +0 lajatang
rCold    . . .     Gourm    .   e - +0 robe
rNeg     . . .     Faith    .   (shield currently unavailable)
rPois    .         Spirit   .   (no helmet)
rElec    .         Reflect  .   (no cloak)
rCorr    .         Harm     .   r - +0 pair of gloves
MR       .....                  (no boots)
Stlth    +++.......             (no amulet)
Regen    0.2/turn               (no ring)
MPRegen  0.2/turn               n - ring of stealth

@: flying, very slightly contaminated
A: high mp 1
a: no special abilities


You were on level 3 of the Dungeon.
You were not hungry.

You visited 1 branch of the dungeon, and saw 3 of its levels.

You collected 103 gold pieces.

Inventory:

Hand Weapons
 b - a +0 blowgun
 u - a +0 lajatang (weapon)
Missiles
 c - 9 poisoned needles
 h - 3 tomahawks (quivered)
Armour
 e - a +0 robe (worn)
 r - a +0 pair of gloves (worn)
Jewellery
 n - a ring of stealth (left hand)
Scrolls
 i - a scroll of enchant weapon {unknown}
 o - a scroll of fog {unknown}
 p - a scroll of amnesia
 q - a scroll of recharging {unknown}
 s - 3 scrolls of teleportation {unknown}
Potions
 g - a potion of mutation {unknown}
 l - a potion of flight
 t - a potion of might {unknown}
Books
 a - a book of Necromancy

   Spells                             Type                      Level
   a - Pain                           Necromancy                   1
   b - Animate Skeleton               Necromancy                   1
   c - Vampiric Draining              Necromancy                   3
   d - Regeneration                   Charms/Necromancy            3
   e - Animate Dead                   Necromancy                   4
   f - Control Undead                 Necromancy                   4
 d - the Papyrus of the Rocks

   Spells                             Type                      Level
   a - Sandblast                      Earth                        1
   b - Stone Arrow                    Conjuration/Earth            3
Comestibles
 f - 2 bread rations
 j - 5 chunks of flesh
 k - a royal jelly


   Skills:
 - Level 2.0 Fighting
   Level 0.8 Short Blades
 + Level 0.5 Staves
 - Level 1.0 Throwing
 - Level 1.0 Stealth
 - Level 1.0 Unarmed Combat
 + Level 2.7 Spellcasting
 * Level 5.0 Necromancy
   Level 1.7 Poison Magic


You had one spell level left.
You knew the following spells:

 Your Spells              Type           Power        Failure   Level  Hunger
a - Vampiric Draining     Necr           ###.......   10%         3    ###....
d - Animate Dead          Necr           N/A          24%         4    #####..
z - Animate Skeleton      Necr           N/A          1%          1    #......


Dungeon Overview and Level Annotations

Branches:
Dungeon (3/15)

Annotations:
D:3 Natasha


Innate Abilities, Weirdness & Mutations

You have an increased reservoir of magic. (+10% MP)


Message History

You closely miss Natasha.
Natasha is severely wounded.
Natasha closely misses you.
You closely miss Natasha.
Natasha is severely wounded.
Natasha stares at you and mumbles some strange words.
The magic dart hits you!
* * * LOW HITPOINT WARNING * * *
Some of the chunks of flesh in your inventory have rotted away.
Natasha wildly gestures.
Natasha's front paws start to glow.
Natasha casts a spell.
Okay, then.
It was a potion of flight.
You feel very buoyant.
You fly up into the air.
Natasha wildly gestures.
Natasha's front paws start to glow.
Natasha claws you.
You die...

...........# #.#.###.#'#....#
..#.#.##...# #.#.#..........#
..#.#......# #.#.#...[......#
..###.#....######.#.#.......####
......#.#.........#.#.......#
............#.....#.#.......###
..).....#.........#.'.........#
#[#####.#..##########.......#.#
#.# ##.#.......@h......(...#.#
#)# #)..#.#########5.......#.#
#.# #...........# #........#.###
#.# #.....#####.# #.########.#..
#.# #.........#.###.########.#.#
#.# #....####.#.##.......)...#.#
#.# #.........#.#...............
#.####....######.#...........##.#
#..............#.#...........##.#


You could see Natasha and a crimson imp.

Vanquished Creatures
  An iguana (D:3)
  Natasha (twice) (D:3)
  5 adders
  An ooze (D:3)
  2 dart slugs
  A leopard gecko (D:1)
  4 orcs (D:3)
  8 giant cockroaches (D:3)
  5 goblins
  8 hobgoblins
  3 jackals
  5 kobolds
  A quokka (D:2)
  A ball python (D:3)
  6 bats
  5 frilled lizards
  10 rats
68 creatures vanquished.

Vanquished Creatures (collateral kills)
  A worm (D:2)
  A dart slug (D:2)
  3 giant cockroaches (D:3)
  2 hobgoblins
  A ball python (D:2)
  A bat (D:1)
  A goblin (D:3)
  A rat (D:2)
11 creatures vanquished.

Grand Total: 79 creatures vanquished

Notes
Turn   | Place    | Note
-------+----------+-------------------------------------------
     0 | D:1      | Elitist the Demigod Wanderer began the quest for the Orb.
     0 | D:1      | Elitist set off with: a book of Necromancy, the Papyrus of the Rocks, 10 poisoned needles, a +0 blowgun, a +0 robe, a bread ration
     0 | D:1      | Reached XP level 1. HP: 14/14 MP: 4/4
     0 | D:1      | Identified the Papyrus of the Rocks
     2 | D:1      | Learned a level 1 spell: Animate Skeleton
   294 | D:1      | Reached skill level 1 in Unarmed Combat
   409 | D:1      | Reached XP level 2. HP: 18/22 MP: 6/6
  1731 | D:2      | Reached skill level 1 in Fighting
  1754 | D:2      | Reached XP level 3. HP: 19/28 MP: 8/8
  1769 | D:2      | Learned a level 3 spell: Vampiric Draining
  1890 | D:2      | Found a bloodstained altar of Trog.
  2713 | D:3      | Noticed Natasha
  2733 | D:3      | Killed Natasha
  2733 | D:3      | Reached XP level 4. HP: 16/35 MP: 8/10
  2760 | D:3      | Noticed Natasha
  2766 | D:3      | Killed Natasha
  3314 | D:3      | Learned a level 4 spell: Animate Dead
  3380 | D:3      | Reached skill level 5 in Necromancy
  3380 | D:3      | Reached XP level 5. HP: 18/41 MP: 7/11
  3712 | D:3      | Noticed Natasha
  3725 | D:3      | Slain by Natasha

Vault maps used:
D:1:      minmay_arrival_cross
D:2:      lightli_temple_of_fire
D:3:      minmay_roachtagon, first_bread, uniq_natasha

Skill      XL: |  1  2  3  4 |
---------------+-------------+-----
Unarmed Combat | 1 |  1.0
Fighting       | 1 2 |  2.0
Spellcasting   | 2 |  2.7
Necromancy     | 5 |  5.0
Short Blades   | |  0.8
Staves         | |  0.5
Throwing       | |  1.0
Stealth        | |  1.0
Poison Magic   | |  1.7

Action                   |  1- 3 |  4- 6 || total
-------------------------+-------+-------++-------
Melee: Unarmed           |   119 |       ||   119
       Short sword       |    84 |     3 ||    87
       Lajatang          |       |    73 ||    73
 Fire: Blowgun           |     4 |       ||     4
Throw: Tomahawk          |     1 |     4 ||     5
 Cast: Animate Skeleton  |    23 |     8 ||    31
       Vampiric Draining |       |     3 ||     3
       Animate Dead      |       |     1 ||     1
  Use: Potion            |     1 |     2 ||     3
       Scroll            |       |     1 ||     1
 Stab: Sleeping          |     9 |     7 ||    16
  Eat: Chunk             |     7 |     4 ||    11
Armor: Robe              |    35 |    15 ||    50
Dodge: Dodged            |   116 |    50 ||   166
